 Dungeon Crawl Stone Soup version 0.29.1-2-gbd0b4ee654 (webtiles) character file.

Game seed: 2528421233629219240

1257 MTVSty1e the Basher (level 8, -2/53 HPs)
             Began as a Gargoyle Monk on Oct 23, 2022.
             Slain by a gnoll
             ... wielding a +0 halberd
              (7 damage)
             ... on level 6 of the Dungeon.
             The game lasted 00:07:48 (7248 turns).

MTVSty1e the Basher (Gargoyle Monk)                 Turns: 7248, Time: 00:07:48

Health: -2/53      AC: 18    Str: 24    XL:     8   Next: 51%
Magic:  8/8        EV:  7    Int: 10    God:
Gold:   338        SH:  0    Dex: 12    Spells: 7/7 levels left

rFire   . . .      SeeInvis .   a - +0 mace
rCold   . . .      Faith    .   (no shield)
rNeg    + . .      Spirit   .   f - +0 plate armour
rPois   ∞          Reflect  .   (no helmet)
rElec   +          Harm     .   s - +2 cloak
rCorr   .          Rampage  .   (no gloves)
Will    .....                   (no boots)
Stlth   ..........              (no amulet)
HPRegen 0.17/turn               k - +6 ring of strength
MPRegen 0.11/turn               (no ring)

@: mighty, hasted, unable to read, very quick
A: sickness immunity, AC +5, negative energy resistance 1, electricity
resistance, torment resistance 1, petrification resistance, deterioration 1,
screaming 1, inability to read after injury 1
a: no special abilities


You were on level 6 of the Dungeon.
You visited 2 branches of the dungeon, and saw 7 of its levels.

You collected 338 gold pieces.

Inventory:

Hand Weapons
 a - a +0 mace (weapon)
 e - a +2 whip of venom
 m - a +3 whip of holy wrath
Armour
 f - a +0 plate armour (worn)
 s - a +2 cloak (worn)
Jewellery
 b - an amulet of faith
 k - a +6 ring of strength (left hand)
Wands
 p - a wand of paralysis (2)
 t - a wand of polymorph (13)
 u - a wand of flame (40)
Scrolls
 g - a scroll of immolation
 q - 4 scrolls of teleportation
Potions
 c - a potion of haste
 d - a potion of lignification
 i - 4 potions of curing
 j - 4 potions of brilliance
 n - a potion of cancellation
 o - a potion of flight {unknown}
 r - a potion of magic


   Skills:
 + Level 7.1 Fighting
 * Level 8.8 Maces & Flails
 - Level 2.4 Dodging
 - Level 2.1 Stealth


You had 7 spell levels left.
You didn't know any spells.
Your spell library contained the following spells:

 Spells                   Type           Power      Damage    Failure   Level
 Slow                     Hex            0%         N/A       100%        1
 Ensorcelled Hibernation  Hex/Ice        0%         N/A       100%        2
 Passwall                 Tmut/Erth      0%         N/A       100%        2
 Confusing Touch          Hex            0%         N/A       100%        3
 Ozocubu's Armour         Ice            0%         N/A       100%        3
 Swiftness                Air            0%         N/A       100%        3
 Vampiric Draining        Necr           0%         2d6       100%        3
 Airstrike                Air            0%         2d(0-16)  100%        4
 Anguish                  Hex/Necr       0%         N/A       100%        4
 Summon Lightning Spire   Summ/Air       0%         N/A       100%        4
 Blade Hands              Tmut           0%         N/A       100%        5
 Irradiate                Conj/Tmut      0%         3d11      100%        5
 Lightning Bolt           Conj/Air       0%         1d11      100%        5
 Dragon Form              Tmut           0%         N/A       100%        7
 Enfeeble                 Hex            0%         N/A       100%        7
 Ozocubu's Refrigeration  Ice            0%         4d7       100%        7


Dungeon Overview and Level Annotations

Branches:
Dungeon (6/15)             Temple (1/1) D:5

Altars:
Ashenzari
Dithmenos
Elyvilon
Fedhas
Gozag
Hepliaklqana
Makhleb
Qazlal
Ru
Sif Muna
Trog
Uskayaw
Wu Jian
Xom
Yredelemnul
Zin
The Shining One

Shops:
D:4 (=!


Innate Abilities, Weirdness & Mutations

You are immune to sickness and miasma.
Your stone body is resilient. (AC +5)
You are immune to poison.
You resist negative energy. (rN+)
You are resistant to electric shocks. (rElec)
You are resistant to unholy torment.
You are immune to petrification.
Your body sometimes deteriorates upon taking damage.
You occasionally shout uncontrollably at your foes.
You occasionally lose the ability to read scrolls when taking damage.


Message History

The gnoll hits you from afar with a +0 halberd!
You feel threatened and lose the ability to read scrolls!
The gnoll closely misses you. The gnoll barely misses you.
You are too injured to fight recklessly!
You are too injured to fight recklessly!
You are too injured to fight recklessly!
You are too injured to fight recklessly!
You are too injured to fight recklessly!
You are too injured to fight recklessly!
You are too injured to fight recklessly!
You are too injured to fight recklessly!
You are too injured to fight recklessly!
You are too injured to fight recklessly!
You are too injured to fight recklessly!
You are too injured to fight recklessly!
You are too injured to fight recklessly!
You are too injured to fight recklessly!
You are too injured to fight recklessly!
You are too injured to fight recklessly!
Unknown command.
You feel very mighty all of a sudden.
The gnoll hits you but does no damage. x2; The gnoll barely misses you.
You barely miss the gnoll. The gnoll barely misses you.
The gnoll hits you but does no damage. The gnoll hits you with a +0 flail.
You sock the gnoll!
The gnoll is severely wounded.
You sock the gnoll!
You kill the gnoll!
The gnoll completely misses you.
The gnoll hits you from afar with a +0 halberd!
* * * LOW HITPOINT WARNING * * *
You feel yourself speed up.
The gnoll hits you but does no damage. x2
You can read scrolls again.
The gnoll hits you but does no damage. The gnoll closely misses you.
You barely miss the gnoll. The gnoll hits you with a +0 halberd.
* * * LOW HITPOINT WARNING * * *
The gnoll barely misses you.
You completely miss the gnoll. The gnoll hits you with a +0 halberd!
You feel threatened and lose the ability to read scrolls!
You die...

#..........(## ###..# **
#.(..........# #####....#
#............#####....)...#
#.........................#
#.........................#
*#....g...................#####
#........................#...##
#....Wg.......g......###......#
#.....S....#..@)......##.......
#.........###..g......###......
##........# ##.........##......
#.......## ##.........##......
#.....### #..........##......
####### ##..........##......
#...........##.##...
#.............###...
#............## ##..


You could see 2 gnolls.

Vanquished Creatures
  Sigmund (D:6)
  A water moccasin (D:5)
  A sky beast (D:6)
  An ice beast (D:5)
  2 black bears (D:6)
  An orc warrior (D:6)
  An ogre (D:4)
  A phantom (D:6)
  A scorpion (D:5)
  A jelly (D:4)
  Crazy Yiuf (D:3)
  Natasha (D:2)
  An iguana (D:5)
  An orc wizard (D:5)
  A gnoll (D:6)
  6 adders
  3 ufetubi
  2 worms
  A dart slug (D:1)
  16 orcs
  11 ball pythons
  4 endoplasms
  3 giant cockroaches
  A goblin (D:3)
  7 hobgoblins
  6 jackals
  10 quokkas
  4 bats
  A frilled lizard (D:1)
  9 kobolds
  6 rats
106 creatures vanquished.

Notes
Turn   | Place    | Note
-------+----------+-------------------------------------------
     0 | D:1      | MTVSty1e the Gargoyle Monk began the quest for the Orb.
     0 | D:1      | Reached XP level 1. HP: 14/14 MP: 1/1
   146 | D:1      | Reached XP level 2. HP: 5/19 MP: 2/2
   447 | D:1      | Reached XP level 3. HP: 24/24 MP: 3/3
   456 | D:1      | You fall into a shaft and drop 1 floor!
   884 | D:2      | Reached skill level 4 in Maces & Flails
  1462 | D:2      | Identified the +8 hand axe of the Bouncing Portals {elec,
                  | rC+}
  1638 | D:2      | Reached XP level 4. HP: 29/29 MP: 4/4
  1660 | D:2      | Noticed Natasha
  1666 | D:2      | Killed Natasha
  2466 | D:3      | Found a bloodstained altar of Trog.
  2478 | D:3      | Found an ornate altar of the Wu Jian Council.
  2656 | D:3      | Reached XP level 5. HP: 34/34 MP: 5/5
  2667 | D:3      | Found a runed translucent door.
  2668 | D:3      | Noticed Crazy Yiuf
  2733 | D:3      | Found a faded altar of an unknown god.
  2777 | D:3      | Reached skill level 5 in Maces & Flails
  2884 | D:3      | Killed Crazy Yiuf
  3109 | D:4      | Noticed an ogre
  3789 | D:4      | Killed an ogre
  3790 | D:4      | Reached skill level 5 in Fighting
  3790 | D:4      | Reached skill level 6 in Maces & Flails
  3790 | D:4      | Reached XP level 6. HP: 18/40 MP: 6/6
  3954 | D:4      | Gained mutation: You occasionally shout uncontrollably at
                  | your foes. [potion of mutation]
  3954 | D:4      | Gained mutation: Your body sometimes deteriorates upon
                  | taking damage. [potion of mutation]
  3954 | D:4      | Gained mutation: You occasionally lose the ability to read
                  | scrolls when taking damage. [potion of mutation]
  4064 | D:4      | Found Mililom's Distillery.
  4237 | D:4      | Found Ruef's Antique Weapon Shoppe.
  4502 | D:4      | Found Lirif's Jewellery Shop.
  4741 | D:5      | Entered Level 5 of the Dungeon
  4828 | D:5      | Found a staircase to the Ecumenical Temple.
  4871 | Temple   | Entered the Ecumenical Temple
  5092 | D:5      | Noticed a water moccasin
  5109 | D:5      | Killed a water moccasin
  5110 | D:5      | Reached XP level 7. HP: 31/44 MP: 7/7
  5474 | D:5      | Reached skill level 7 in Maces & Flails
  6308 | D:6      | Noticed Sigmund
  6341 | D:6      | Killed Sigmund
  6342 | D:6      | Reached XP level 8. HP: 37/52 MP: 8/8
  6559 | D:6      | Reached skill level 8 in Maces & Flails
  6820 | D:6      | Identified the +7 spear "Eluguss" {vorpal, Will+ Int+2}
  7248 | D:6      | Slain by a gnoll

Illustrated notes

Levels and vault maps discovered:
D:1:      shiori_arrival_maze, layout_rooms, serial_forest,
          infiniplex_forest_lined_1, infiniplex_forest_end_1,
          infiniplex_forest_3_way, infiniplex_forest_lined_ring,
          hangedman_abyss_or_decor_stabs
D:2:      layout_basic, uniq_natasha
D:3:      layout_basic, mainiacjoe_overflow_big_doors,
          hellmonk_ecumenical_altar_run_dry, uniq_crazy_yiuf_cottage
D:4:      layout_layer_cave, serial_shops, kennysheep_mini, shop,
          nicolae_shop_waterfront
D:5:      layout_gridville, minmay_temple_entry_sparse_star, st_stairs_6
D:6:      layout_cave_pods, uniq_sigmund
Temple:   minmay_freezing_vapour_temple

Skill      XL: |  1  2  3  4  5  6  7  8 |
---------------+-------------------------+-----
Maces & Flails | 4 6 7 8 |  8.8
Fighting       | 4 5 6 7 |  7.1
Dodging        | |  2.4
Stealth        | |  2.1

Action                   |  1- 3 |  4- 6 |  7- 9 || total
-------------------------+-------+-------+-------++-------
Melee: Mace              |   108 |       |    48 ||   156
       Whip              |    15 |   180 |   116 ||   311
       Punch             |       |     1 |     1 ||     2
  Use: Potion            |     1 |     2 |     2 ||     5
       Scroll            |       |     6 |     9 ||    15
 Stab: Distracted        |     1 |       |       ||     1
Armor: Robe              |    15 |       |       ||    15
       Plate armour      |    70 |   103 |   119 ||   292
Dodge: Dodged            |    62 |    55 |    52 ||   169
